AoeStats
← Gullix

Arabia

508458619Analyzed
1v1 RM · 11d ago on Sep 22, 2026· 28m 11s· 2 players
Game mode
Random Map
Map size
Tiny (2 player)
Population
200
Speed
Normal
Resources
Standard
Victory
Conquest
Starting age
Dark Age
Ending age
Imperial Age
RankedLock teamsTeams togetherTeam positionsShared explorationLock speedFull tech treeHidden civsTurbo modeCheats
Victory
Defeat
🇪🇸 Wei · Spain
918
+15
🇵🇱 Saracens · Poland
899
-15
Gullix
0:30 Loom
13:08 Feudal Age
14:27 Wheelbarrow
13:41 Double-Bit Axe
16:31 Fletching
24:25 Castle Age
25:24 Hand Cart
25:45 Bow Saw
DeMalagaZoy
7:33 Loom
10:20 Feudal Age
10:58 Double-Bit Axe
13:13 Fletching
13:27 Town Watch
17:17 Horse Collar
18:15 Wheelbarrow
22:14 Castle Age
20:35 Gold Mining
21:27 Padded Archer Armor
23:23 Heavy Plow
23:45 Bow Saw
24:50 Ballistics
25:34 Bodkin Arrow
27:11 Scale Barding Armor
Connection lost

Rejoining the realm…

Still unreachable

The connection could not be restored.

Session expired

The server has moved on; the page needs a fresh start.